Buffalo Bisons vs Brampton Battalion

Created - 9 mars 2024 at 15:23

Goals
1 2 3 T
Buffalo Bisons 1 1 3 5
Brampton Battalion 3 2 2 7
Shots
1 2 3 T
Buffalo Bisons 8 6 11 25
Brampton Battalion 16 12 20 48

GoalsPenalties
1st period
1. Brampton Battalion , Cooper Marody 28 (Chris Terry 41, Jiri Kulich 54) at 7:30
2. Brampton Battalion , Chris Terry 32 (Cooper Marody 36) at 10:40
3. Buffalo Bisons , Bobby McMann 43 (Mackenzie Entwistle 58, Jakub Lauko 44) at 13:28
4. Brampton Battalion , Josh Leivo 46 (Denis Malgin 89, Mark Kastelic 47) at 16:07
Mark Kastelic (BAT) for Goalie Interference (Minor) at 0:24
Dylan McIlrath (BAT) for Fighting (Major) at 19:57
Jakub Lauko (BIS) for Fighting (Major) at 19:57
2nd period
5. Brampton Battalion , Mark Kastelic 23 (Denis Malgin 90, Philip Broberg 40) at 0:46
6. Brampton Battalion , Gage Quinney 21 (Rasmus Asplund 46, Paul Cotter 57) at 13:10
7. Buffalo Bisons , Mackenzie Entwistle 46 (Jakub Lauko 45) at 17:11
Josh Leivo (BAT) for Slashing (Minor) at 1:25
Jakub Lauko (BIS) for Delaying the game (Minor) at 8:29
Mark Kastelic (BAT) for Fighting (Major) at 14:44
Bobby McMann (BIS) for Fighting (Major) at 14:44
Tucker Poolman (BIS) for Unsportsmanlike conduct (Minor) at 17:33
3rd period
8. Buffalo Bisons , Anthony Angello 12 (Pierrick Dube 25, Logan Hutsko 39) at 0:53
9. Brampton Battalion , Philip Broberg 10 (Gage Quinney 25) at 2:53 (PP)
10. Buffalo Bisons , Fabian Zetterlund 44 (Aliaksei Protas 55, Sebastian AhoD 45) at 6:14
11. Brampton Battalion , Mark Kastelic 24 (Josh Leivo 41, Denis Malgin 91) at 9:04 (PP)
12. Buffalo Bisons , Logan Hutsko 24 (Joakim Kemell 41, Mackenzie Entwistle 59) at 19:26
Tucker Poolman (BIS) for Diving (Minor) at 1:39
Billy Sweezey (BIS) for Tripping (Minor) at 2:02
Declan Carlile (BIS) for Interference (Minor) at 7:21
Goalie Stats
Filip Lindberg (BIS), 15 saves from 19 shots - (0,789), 20:46 minutes
Kevin Mandolese (BIS), 26 saves from 29 shots - (0,897), L, 13-8-4, 39:14 minutes
Matt Villalta (BAT), 20 saves from 25 shots - (0,800), W, 14-9-1, 60:00 minutes
3 StarsOfficial
1 - Mackenzie Entwistle (BIS)
2 - Logan Hutsko (BIS)
3 - Gage Quinney (BAT)
Referees : Tim Peel and TJ Luxmore
Linesman : Shaun Morgan and Matt Brady
Game Note
18:05 of 1st period - Buffalo Bisons goal is going for a video replay. After video review, No Goal. The referee deems the play has been stopped, even if he had not physically had the opportunity to stop play by blowing his whistle.
Dylan McIlrath beats up Jakub Lauko at 19:57 of 1st period
Kevin Mandolese enters game at 0:46 of 2nd period
Bobby McMann beats up Mark Kastelic at 14:44 of 2nd period
Finance
Level 1 -- Attendance: 1514 (75,70%) -- Ticket Income $52,990
Level 2 -- Attendance: 932 (93,20%) -- Ticket Income $13,980
Total Attendance: 2446 (81,53%)
Total Ticket Income: $66,970
Other Income: $32,815
Total Income: $99,785



Team Name Goals Shots Shots Attemp Shots Blocked PIM HIT PP PK FO%
Buffalo Bisons 525671420220 / 2 (0%)236%
Brampton Battalion 748781214162 / 5 (40%)064%

Buffalo Bisons
Player Name POS G A P +/- PIM HIT SHT SB MP PP MP PP SHT PK MP PK SHT FO% FOT GA TA
Aliaksei ProtasC/LW/RW011-1001118:132:1401:1900% 100
Anthony AngelloC/RW101-1013011:551:4801:19143% 700
Billy SweezeyD000-2200217:422:0503:3700% 000
Bobby McMannLW/RW1012522010:280:4600:1000% 101
Brett LeasonRW0000010019:260:0904:25050% 211
Connor DewarC/LW/RW000-1032119:301:0902:30036% 2500
Declan CarlileD0000211120:091:5301:1700% 001
Fabian ZetterlundRW101-1013016:001:4800:0000% 002
Jakub LaukoC/LW0220720013:060:0000:4300% 212
Joakim KemellRW0112013010:060:0000:0000% 011
Logan HutskoC/RW1122023117:512:0004:23035% 1711
Mackenzie EntwistleC/LW/RW1230022116:072:0000:26040% 1500
Pierrick DubeRW011-100108:340:0000:0000% 000
Samuel FagemoLW/RW000-101008:340:0000:0000% 000
Sebastian AhoDD0112001018:450:0000:0000% 011
Shakir MukhamadullinD000-2000315:280:0003:0200% 002
Tucker PoolmanD0002432224:372:0503:0900% 000
Wyatt KalynukD0000021224:281:5305:0000% 000
Brampton Battalion
Player Name POS G A P +/- PIM HIT SHT SB MP PP MP PP SHT PK MP PK SHT FO% FOT GA TA
Andy WelinskiD000-3022224:324:3312:1900% 000
Austin PoganskiRW000101008:120:0000:000100% 100
Chris TerryLW/RW112100508:120:0000:0000% 000
Cooper MarodyC/LW/RW1121006011:330:4502:08073% 1100
Denis MalginLW/RW0331007020:294:4610:5000% 211
Dennis GilbertD0003010122:453:3001:3900% 000
Dylan McIlrathD0002510120:593:3000:4700% 002
Gage QuinneyC/LW1120035018:102:5710:490100% 120
Jack ThompsonD0000002112:560:0000:1300% 000
Jiri KulichC/LW011-2004112:000:5500:18060% 501
Josh LeivoLW/RW1121233220:364:4611:06067% 310
Mark KastelicC2131705018:283:4620:57067% 2130
Paul CotterC/LW0110011120:022:5701:45057% 2100
Philip BrobergD112-2015124:484:3332:1900% 000
Rasmus AsplundC/LW/RW0110000017:273:0000:03075% 440
Ryan DzingelC/LW/RW000-2022110:040:0000:0000% 000
Ryan O'RourkeD0000011113:590:0000:3900% 000
Sam AnasC/LW/RW000-2000010:460:1700:000100% 111

Buffalo Bisons

5 vs 5 Forward
Line #Left WingCenterRight WingPHYDFOFWanted %Time %Time Play
1Aliaksei ProtasConnor DewarFabian Zetterlund1223533%15:47
2Jakub LaukoMackenzie EntwistleBrett Leason1223028%13:32
3Bobby McMannLogan HutskoJoakim Kemell1222021%10:06
4Samuel FagemoAnthony AngelloPierrick Dube1221518%8:34
5 vs 5 Defense
Line #DefenseDefensePHYDFOFWanted %Time %Time Play
1Tucker PoolmanSebastian AhoD1224041%19:40
2Declan CarlileWyatt Kalynuk1223535%17:00
3Shakir MukhamadullinBilly Sweezey1222524%11:19
4Tucker PoolmanBilly Sweezey12200%0:00
Power Play Forward
Line #Left WingCenterRight WingPHYDFOFWanted %Time %Time Play
1Mackenzie EntwistleLogan HutskoAliaksei Protas0236055%2:10
2Aliaksei ProtasAnthony AngelloFabian Zetterlund0234045%1:48
Power Play Defense
Line #DefenseDefensePHYDFOFWanted %Time %Time Play
1Tucker PoolmanBilly Sweezey1226053%2:05
2Declan CarlileWyatt Kalynuk1224047%1:53
Penalty Kill 4 Players Forward
Line #CenterWingPHYDFOFWanted %Time %Time Play
1Logan HutskoBrett Leason0326082%5:53
2Anthony AngelloConnor Dewar0324018%1:19
Penalty Kill 4 Players Defense
Line #DefenseDefensePHYDFOFWanted %Time %Time Play
1Tucker PoolmanBilly Sweezey1226071%5:08
2Declan CarlileWyatt Kalynuk1224029%2:04
Penalty Kill 3 Players
Line #WingPHYDFOFWanted %Time %Time PlayDefenseDefensePHYDFOFWanted %Time %Time Play
1Jakub Lauko1226076%0:39 Tucker PoolmanBilly Sweezey12260100%0:51
2Mackenzie Entwistle1224024%0:12 Declan CarlileWyatt Kalynuk122400%0:00
4 vs 4 Forward
Line #CenterWingPHYDFOFWanted %Time %Time Play
1Anthony AngelloJoakim Kemell122600%0:00
2Logan HutskoMackenzie Entwistle122400%0:00
4 vs 4 Defense
Line #DefensePHYDFOFWanted %Time %Time Play
1Tucker PoolmanBilly Sweezey122600%0:00
2Declan CarlileWyatt Kalynuk122400%0:00
Last Minutes Offensive
Left WingCenterRight WingDefenseDefense
Mackenzie EntwistleLogan HutskoAliaksei ProtasTucker PoolmanBilly Sweezey
Last Minutes Defensive
Left WingCenterRight WingDefenseDefense
Jakub LaukoLogan HutskoBrett LeasonTucker PoolmanBilly Sweezey
Time
Total ForwardTotal DefenseLast Minutes OffensiveLast Minutes Defensive
60:00 60:00 0:000:00
Extra Forwards
Normal PowerPlayPenalty Kill
Connor Dewar, Bobby McMann, Brett LeasonConnor Dewar, Bobby McMannConnor Dewar
Extra Defensemen
Normal PowerPlayPenalty Kill
Wyatt Kalynuk, Shakir Mukhamadullin, Sebastian AhoDWyatt Kalynuk, Wyatt KalynukShakir Mukhamadullin
Penalty Shots
Aliaksei Protas, Fabian Zetterlund, Jakub Lauko, Mackenzie Entwistle, Connor Dewar
Goalie
Filip Lindberg, Kevin Mandolese
Scratches
Frederic Allard (Healthy), Madison Bowey (Healthy), Collin Adams (Healthy), Josiah Slavin (Healthy), Layton Ahac (Healthy) Ty Glover (Healthy), Lukas Svejkovsky (Healthy), Zach Uens (Healthy)

Brampton Battalion

5 vs 5 Forward
Line #Left WingCenterRight WingPHYDFOFWanted %Time %Time Play
1Josh LeivoMark KastelicDenis Malgin1223432%15:19
2Gage QuinneyPaul CotterRasmus Asplund1223230%14:24
3Sam AnasJiri KulichRyan Dzingel1222021%10:04
4Chris TerryCooper MarodyAustin Poganski1221417%8:12
5 vs 5 Defense
Line #DefenseDefensePHYDFOFWanted %Time %Time Play
1Philip BrobergAndy Welinski1223637%17:40
2Dennis GilbertDylan McIlrath1223637%17:36
3Ryan O'RourkeJack Thompson1222827%12:43
4Philip BrobergAndy Welinski12200%0:00
Power Play Forward
Line #Left WingCenterRight WingPHYDFOFWanted %Time %Time Play
1Josh LeivoMark KastelicDenis Malgin1226063%5:06
2Gage QuinneyPaul CotterRasmus Asplund1224037%2:57
Power Play Defense
Line #DefenseDefensePHYDFOFWanted %Time %Time Play
1Philip BrobergAndy Welinski1226057%4:33
2Dennis GilbertDylan McIlrath1224043%3:30
Penalty Kill 4 Players Forward
Line #CenterWingPHYDFOFWanted %Time %Time Play
1Mark KastelicJosh Leivo1226079%3:09
2Paul CotterGage Quinney1224021%0:49
Penalty Kill 4 Players Defense
Line #DefenseDefensePHYDFOFWanted %Time %Time Play
1Philip BrobergAndy Welinski1226058%2:19
2Dennis GilbertDylan McIlrath1224042%1:39
Penalty Kill 3 Players
Line #WingPHYDFOFWanted %Time %Time PlayDefenseDefensePHYDFOFWanted %Time %Time Play
1Mark Kastelic122600%0:00 Philip BrobergAndy Welinski122600%0:00
2Paul Cotter122400%0:00 Dennis GilbertDylan McIlrath122400%0:00
4 vs 4 Forward
Line #CenterWingPHYDFOFWanted %Time %Time Play
1Mark KastelicJosh Leivo122600%0:00
2Paul CotterGage Quinney122400%0:00
4 vs 4 Defense
Line #DefensePHYDFOFWanted %Time %Time Play
1Philip BrobergAndy Welinski122600%0:00
2Dennis GilbertDylan McIlrath122400%0:00
Last Minutes Offensive
Left WingCenterRight WingDefenseDefense
Josh LeivoMark KastelicDenis MalginPhilip BrobergAndy Welinski
Last Minutes Defensive
Left WingCenterRight WingDefenseDefense
Josh LeivoMark KastelicDenis MalginPhilip BrobergAndy Welinski
Time
Total ForwardTotal DefenseLast Minutes OffensiveLast Minutes Defensive
60:00 60:00 0:000:00
Extra Forwards
Normal PowerPlayPenalty Kill
Paul Cotter, Jiri Kulich, Cooper MarodyJiri Kulich, Cooper MarodyCooper Marody
Extra Defensemen
Normal PowerPlayPenalty Kill
Philip Broberg, Dylan McIlrath, Ryan O'RourkeRyan O'Rourke, Ryan O'RourkeJack Thompson
Penalty Shots
Denis Malgin, Rasmus Asplund, Sam Anas, Chris Terry, Josh Leivo
Goalie
Matt Villalta, Calvin Pickard
Scratches
Ryan Chyzowski (Healthy), Bokondji Imama (Healthy), Curtis Hall (Healthy), Hunter Skinner (Healthy), Jean-Francois Berube (Healthy)


Play-by-Play

1st period


0:01 of 1st period - Mark Kastelic wins face-off versus Connor Dewar in neutral zone.
0:12 of 1st period - Wrist shot by Denis Malgin.
0:12 of 1st period - Stopped by Filip Lindberg with a rebound.
0:24 of 1st period - Minor Penalty to Mark Kastelic for Goalie Interference.
0:25 of 1st period - Cooper Marody wins face-off versus Logan Hutsko in Brampton Battalion zone.
0:36 of 1st period - Slapshot by Cooper Marody.
0:36 of 1st period - Shot Misses the Net.
0:56 of 1st period - Icing by Aliaksei Protas.
0:57 of 1st period - Anthony Angello wins face-off versus Cooper Marody in Buffalo Bisons zone.
1:28 of 1st period - Snap shot by Logan Hutsko.
1:28 of 1st period - Shot Blocked by Josh Leivo.
2:24 of 1st period - Penalty to Mark Kastelic is over, Mark Kastelic is back on ice.
2:40 of 1st period - Wrist shot by Ryan Dzingel.
2:40 of 1st period - Stopped by Filip Lindberg with a rebound.
3:05 of 1st period - Josh Leivo is hit by Joakim Kemell and loses puck.
3:57 of 1st period - Anthony Angello is hit by Andy Welinski and loses puck.
4:29 of 1st period - Connor Dewar is hit by Josh Leivo.
4:47 of 1st period - Wrist shot by Cooper Marody.
4:47 of 1st period - Stopped by Filip Lindberg with a rebound.
5:49 of 1st period - Slapshot by Mark Kastelic.
5:49 of 1st period - Shot Blocked by Logan Hutsko.
5:51 of 1st period - Slapshot by Mark Kastelic.
5:51 of 1st period - Shot Misses the Net.
5:53 of 1st period - Snap shot by Mark Kastelic.
5:53 of 1st period - Shot Misses the Net.
5:55 of 1st period - Slapshot by Philip Broberg.
5:55 of 1st period - Stopped by Filip Lindberg with a rebound.
5:57 of 1st period - Wrist shot by Mark Kastelic.
5:57 of 1st period - Stopped by Filip Lindberg without a rebound.
5:58 of 1st period - Mackenzie Entwistle wins face-off versus Cooper Marody in Buffalo Bisons zone.
7:30 of 1st period - Snap shot by Cooper Marody.
7:30 of 1st period - Goal by Cooper Marody - Buffalo Bisons : 0 - Brampton Battalion : 1.
7:31 of 1st period - Paul Cotter wins face-off versus Jakub Lauko in neutral zone.
8:12 of 1st period - Icing by Connor Dewar.
8:13 of 1st period - Logan Hutsko wins face-off versus Jiri Kulich in Buffalo Bisons zone.
9:00 of 1st period - Wrist shot by Chris Terry.
9:00 of 1st period - Stopped by Filip Lindberg with a rebound.
9:02 of 1st period - Slapshot by Cooper Marody.
9:02 of 1st period - Stopped by Filip Lindberg without a rebound.
9:03 of 1st period - Austin Poganski wins face-off versus Mackenzie Entwistle in Buffalo Bisons zone.
9:04 of 1st period - Snap shot by Cooper Marody.
9:04 of 1st period - Shot Misses the Net.
9:15 of 1st period - Slapshot by Sebastian AhoD.
9:15 of 1st period - Stopped by Matt Villalta without a rebound.
9:16 of 1st period - Paul Cotter wins face-off versus Connor Dewar in Brampton Battalion zone.
9:16 of 1st period - Paul Cotter is hit by Connor Dewar.
10:16 of 1st period - Snap shot by Joakim Kemell.
10:16 of 1st period - Shot Misses the Net.
10:18 of 1st period - Snap shot by Logan Hutsko.
10:18 of 1st period - Shot Misses the Net.
10:20 of 1st period - Slapshot by Tucker Poolman.
10:20 of 1st period - Deflect By Joakim Kemell.
10:20 of 1st period - Stopped by Matt Villalta with a rebound.
10:32 of 1st period - Snap shot by Chris Terry.
10:32 of 1st period - Stopped by Filip Lindberg with a rebound.
10:34 of 1st period - Wrist shot by Philip Broberg.
10:34 of 1st period - Stopped by Filip Lindberg without a rebound.
10:35 of 1st period - Cooper Marody wins face-off versus Connor Dewar in Buffalo Bisons zone.
10:40 of 1st period - Wrist shot by Chris Terry.
10:40 of 1st period - Deflect By Connor Dewar.
10:40 of 1st period - Goal by Chris Terry - Buffalo Bisons : 0 - Brampton Battalion : 2.
10:41 of 1st period - Connor Dewar wins face-off versus Mark Kastelic in neutral zone.
10:48 of 1st period - Snap shot by Aliaksei Protas.
10:48 of 1st period - Shot Blocked by Josh Leivo.
11:14 of 1st period - Off-side.
11:15 of 1st period - Paul Cotter wins face-off versus Connor Dewar in neutral zone.
11:47 of 1st period - Wrist shot by Jakub Lauko.
11:47 of 1st period - Shot Misses the Net.
12:03 of 1st period - Ryan Dzingel is hit by Tucker Poolman and loses puck.
12:12 of 1st period - Wrist shot by Joakim Kemell.
12:12 of 1st period - Shot Misses the Net.
12:19 of 1st period - Icing by Dylan McIlrath.
12:20 of 1st period - Cooper Marody wins face-off versus Anthony Angello in Brampton Battalion zone.
12:20 of 1st period - Cooper Marody is hit by Samuel Fagemo.
12:28 of 1st period - Wrist shot by Cooper Marody.
12:28 of 1st period - Stopped by Filip Lindberg with a rebound.
13:28 of 1st period - Wrist shot by Bobby McMann.
13:28 of 1st period - Goal by Bobby McMann - Buffalo Bisons : 1 - Brampton Battalion : 2.
13:29 of 1st period - Mark Kastelic wins face-off versus Connor Dewar in neutral zone.
13:42 of 1st period - Backhand shot by Aliaksei Protas.
13:42 of 1st period - Stopped by Matt Villalta with a rebound.
13:44 of 1st period - Slapshot by Aliaksei Protas.
13:44 of 1st period - Shot Misses the Net.
13:56 of 1st period - Brett Leason is hit by Gage Quinney and loses puck.
14:35 of 1st period - Cooper Marody is hit by Wyatt Kalynuk and loses puck.
14:40 of 1st period - Slapshot by Pierrick Dube.
14:40 of 1st period - Shot Misses the Net.
14:42 of 1st period - Slapshot by Tucker Poolman.
14:42 of 1st period - Stopped by Matt Villalta without a rebound.
14:43 of 1st period - Mark Kastelic wins face-off versus Connor Dewar in Brampton Battalion zone.
15:34 of 1st period - Wrist shot by Joakim Kemell.
15:34 of 1st period - Shot Misses the Net.
15:59 of 1st period - Wrist shot by Cooper Marody.
15:59 of 1st period - Stopped by Filip Lindberg without a rebound.
16:00 of 1st period - Cooper Marody wins face-off versus Connor Dewar in Buffalo Bisons zone.
16:01 of 1st period - Snap shot by Chris Terry.
16:01 of 1st period - Stopped by Filip Lindberg without a rebound.
16:02 of 1st period - Mark Kastelic wins face-off versus Connor Dewar in Buffalo Bisons zone.
16:05 of 1st period - Slapshot by Denis Malgin.
16:05 of 1st period - Stopped by Filip Lindberg with a rebound.
16:07 of 1st period - Wrist shot by Josh Leivo.
16:07 of 1st period - Goal by Josh Leivo - Buffalo Bisons : 1 - Brampton Battalion : 3.
16:08 of 1st period - Connor Dewar wins face-off versus Mark Kastelic in neutral zone.
16:21 of 1st period - Snap shot by Denis Malgin.
16:21 of 1st period - Shot Misses the Net.
16:23 of 1st period - Backhand shot by Mark Kastelic.
16:23 of 1st period - Shot Blocked by Connor Dewar.
16:33 of 1st period - Paul Cotter is hit by Mackenzie Entwistle and loses puck.
16:40 of 1st period - Wrist shot by Mackenzie Entwistle.
16:40 of 1st period - Stopped by Matt Villalta without a rebound.
16:41 of 1st period - Brett Leason wins face-off versus Paul Cotter in Brampton Battalion zone.
16:44 of 1st period - Snap shot by Jakub Lauko.
16:44 of 1st period - Shot Misses the Net.
16:53 of 1st period - Off-side.
16:54 of 1st period - Josh Leivo wins face-off versus Connor Dewar in neutral zone.
16:57 of 1st period - Fabian Zetterlund is hit by Dennis Gilbert and loses puck.
17:04 of 1st period - Wrist shot by Josh Leivo.
17:04 of 1st period - Shot Misses the Net.
17:10 of 1st period - Snap shot by Mark Kastelic.
17:10 of 1st period - Shot Blocked by Declan Carlile.
17:35 of 1st period - Wrist shot by Connor Dewar.
17:35 of 1st period - Stopped by Matt Villalta with a rebound.
17:37 of 1st period - Snap shot by Aliaksei Protas.
17:37 of 1st period - Shot Misses the Net.
18:03 of 1st period - Wrist shot by Aliaksei Protas.
18:03 of 1st period - Shot Misses the Net.
18:05 of 1st period - Wrist shot by Fabian Zetterlund.
18:05 of 1st period - Buffalo Bisons goal is going for a video replay.
18:05 of 1st period - The goal is refused. The referee deems the play has been stopped, even if he had not physically had the opportunity to stop play by blowing his whistle..
18:06 of 1st period - Paul Cotter wins face-off versus Mackenzie Entwistle in Brampton Battalion zone.
18:31 of 1st period - Sebastian AhoD is hit by Ryan Dzingel.
18:37 of 1st period - Slapshot by Jiri Kulich.
18:37 of 1st period - Shot Misses the Net.
19:25 of 1st period - Snap shot by Mackenzie Entwistle.
19:25 of 1st period - Shot Blocked by Andy Welinski.
19:27 of 1st period - Snap shot by Mackenzie Entwistle.
19:27 of 1st period - Shot Misses the Net.
19:29 of 1st period - Slapshot by Mackenzie Entwistle.
19:29 of 1st period - Shot Misses the Net.
19:51 of 1st period - Wrist shot by Chris Terry.
19:51 of 1st period - Deflect By Austin Poganski.
19:51 of 1st period - Shot Misses the Net.
19:51 of 1st period - Puck is out of play.
19:52 of 1st period - Mackenzie Entwistle wins face-off versus Cooper Marody in Buffalo Bisons zone.
19:57 of 1st period - Dylan McIlrath beats up Jakub Lauko.
19:57 of 1st period - Penalty to Dylan McIlrath for Fighting.
19:57 of 1st period - Penalty to Jakub Lauko for Fighting.
19:58 of 1st period - Mackenzie Entwistle wins face-off versus Paul Cotter in Buffalo Bisons zone.
19:58 of 1st period - Mackenzie Entwistle is hit by Paul Cotter.
Goals for this period are 1 for Buffalo Bisons vs 3 for Brampton Battalion.
Shots for this period are 8 for Buffalo Bisons vs 16 for Brampton Battalion.

2nd period


0:01 of 2nd period - Paul Cotter wins face-off versus Mackenzie Entwistle in neutral zone.
0:28 of 2nd period - Wrist shot by Joakim Kemell.
0:28 of 2nd period - Stopped by Matt Villalta with a rebound.
0:30 of 2nd period - Backhand shot by Tucker Poolman.
0:30 of 2nd period - Stopped by Matt Villalta without a rebound.
0:31 of 2nd period - Anthony Angello wins face-off versus Josh Leivo in Brampton Battalion zone.
0:38 of 2nd period - Wrist shot by Denis Malgin.
0:38 of 2nd period - Stopped by Filip Lindberg with a rebound.
0:40 of 2nd period - Snap shot by Denis Malgin.
0:40 of 2nd period - Shot Blocked by Billy Sweezey.
0:44 of 2nd period - Snap shot by Denis Malgin.
0:44 of 2nd period - Stopped by Filip Lindberg with a rebound.
0:46 of 2nd period - Snap shot by Mark Kastelic.
0:46 of 2nd period - Goal by Mark Kastelic - Buffalo Bisons : 1 - Brampton Battalion : 4.
0:46 of 2nd period - Kevin Mandolese enters game.
0:47 of 2nd period - Rasmus Asplund wins face-off versus Connor Dewar in neutral zone.
0:50 of 2nd period - Aliaksei Protas is hit by Gage Quinney and loses puck.
1:25 of 2nd period - Minor Penalty to Josh Leivo for Slashing.
1:26 of 2nd period - Logan Hutsko wins face-off versus Mark Kastelic in Brampton Battalion zone.
1:30 of 2nd period - Wrist shot by Aliaksei Protas.
1:30 of 2nd period - Shot Blocked by Andy Welinski.
3:25 of 2nd period - Penalty to Josh Leivo is over, Josh Leivo is back on ice.
3:48 of 2nd period - Icing by Shakir Mukhamadullin.
3:49 of 2nd period - Cooper Marody wins face-off versus Anthony Angello in Buffalo Bisons zone.
4:03 of 2nd period - Icing by Anthony Angello.
4:04 of 2nd period - Jiri Kulich wins face-off versus Anthony Angello in Buffalo Bisons zone.
4:15 of 2nd period - Backhand shot by Anthony Angello.
4:15 of 2nd period - Shot Misses the Net.
4:50 of 2nd period - Snap shot by Ryan Dzingel.
4:50 of 2nd period - Stopped by Kevin Mandolese with a rebound.
4:52 of 2nd period - Slapshot by Andy Welinski.
4:52 of 2nd period - Stopped by Kevin Mandolese without a rebound.
4:53 of 2nd period - Sam Anas wins face-off versus Mackenzie Entwistle in Buffalo Bisons zone.
4:56 of 2nd period - Wrist shot by Sam Anas.
4:56 of 2nd period - Shot Misses the Net.
4:58 of 2nd period - Backhand shot by Jiri Kulich.
4:58 of 2nd period - Stopped by Kevin Mandolese with a rebound.
5:00 of 2nd period - Wrist shot by Jiri Kulich.
5:00 of 2nd period - Stopped by Kevin Mandolese with a rebound.
5:28 of 2nd period - Snap shot by Bobby McMann.
5:28 of 2nd period - Shot Blocked by Ryan Dzingel.
5:34 of 2nd period - Wrist shot by Logan Hutsko.
5:34 of 2nd period - Shot Blocked by Dylan McIlrath.
5:52 of 2nd period - Sam Anas is hit by Tucker Poolman and loses puck.
6:03 of 2nd period - Dylan McIlrath is hit by Connor Dewar and loses puck.
6:28 of 2nd period - Snap shot by Logan Hutsko.
6:28 of 2nd period - Shot Misses the Net.
6:53 of 2nd period - Off-side.
6:54 of 2nd period - Connor Dewar wins face-off versus Mark Kastelic in neutral zone.
7:19 of 2nd period - Philip Broberg is hit by Bobby McMann and loses puck.
7:29 of 2nd period - Icing by Joakim Kemell.
7:30 of 2nd period - Paul Cotter wins face-off versus Logan Hutsko in Buffalo Bisons zone.
7:39 of 2nd period - Wrist shot by Logan Hutsko.
7:39 of 2nd period - Deflect By Bobby McMann.
7:39 of 2nd period - Shot Misses the Net.
7:39 of 2nd period - Puck is out of play.
7:40 of 2nd period - Connor Dewar wins face-off versus Paul Cotter in Brampton Battalion zone.
8:29 of 2nd period - Minor Penalty to Jakub Lauko for Delaying the game.
8:30 of 2nd period - Mark Kastelic wins face-off versus Logan Hutsko in Buffalo Bisons zone.
9:02 of 2nd period - Wrist shot by Gage Quinney.
9:02 of 2nd period - Stopped by Kevin Mandolese with a rebound.
9:04 of 2nd period - Wrist shot by Paul Cotter.
9:04 of 2nd period - Shot Blocked by Tucker Poolman.
9:26 of 2nd period - Wrist shot by Tucker Poolman.
9:26 of 2nd period - Shot Misses the Net.
10:29 of 2nd period - Penalty to Jakub Lauko is over, Jakub Lauko is back on ice.
10:47 of 2nd period - Snap shot by Pierrick Dube.
10:47 of 2nd period - Stopped by Matt Villalta without a rebound.
10:48 of 2nd period - Cooper Marody wins face-off versus Anthony Angello in Brampton Battalion zone.
10:57 of 2nd period - Snap shot by Cooper Marody.
10:57 of 2nd period - Stopped by Kevin Mandolese with a rebound.
11:22 of 2nd period - Backhand shot by Bobby McMann.
11:22 of 2nd period - Stopped by Matt Villalta with a rebound.
12:38 of 2nd period - Bobby McMann is hit by Ryan Dzingel and loses puck.
12:53 of 2nd period - Jack Thompson is hit by Anthony Angello.
12:56 of 2nd period - Icing by Gage Quinney.
12:57 of 2nd period - Anthony Angello wins face-off versus Rasmus Asplund in Brampton Battalion zone.
13:08 of 2nd period - Wrist shot by Rasmus Asplund.
13:08 of 2nd period - Shot Misses the Net.
13:10 of 2nd period - Slapshot by Gage Quinney.
13:10 of 2nd period - Goal by Gage Quinney - Buffalo Bisons : 1 - Brampton Battalion : 5.
13:11 of 2nd period - Mark Kastelic wins face-off versus Connor Dewar in neutral zone.
13:41 of 2nd period - Slapshot by Jakub Lauko.
13:41 of 2nd period - Deflect By Mackenzie Entwistle.
13:41 of 2nd period - Shot Misses the Net.
13:41 of 2nd period - Puck is out of play.
13:42 of 2nd period - Paul Cotter wins face-off versus Mackenzie Entwistle in Brampton Battalion zone.
13:51 of 2nd period - Wrist shot by Rasmus Asplund.
13:51 of 2nd period - Shot Blocked by Wyatt Kalynuk.
13:57 of 2nd period - Snap shot by Gage Quinney.
13:57 of 2nd period - Stopped by Kevin Mandolese with a rebound.
14:11 of 2nd period - Off-side.
14:12 of 2nd period - Cooper Marody wins face-off versus Connor Dewar in neutral zone.
14:44 of 2nd period - Bobby McMann beats up Mark Kastelic.
14:44 of 2nd period - Penalty to Mark Kastelic for Fighting.
14:44 of 2nd period - Penalty to Bobby McMann for Fighting.
14:45 of 2nd period - Connor Dewar wins face-off versus Paul Cotter in Buffalo Bisons zone.
14:50 of 2nd period - Snap shot by Aliaksei Protas.
14:50 of 2nd period - Shot Misses the Net.
14:52 of 2nd period - Slapshot by Fabian Zetterlund.
14:52 of 2nd period - Shot Misses the Net.
14:54 of 2nd period - Slapshot by Shakir Mukhamadullin.
14:54 of 2nd period - Shot Blocked by Philip Broberg.
14:56 of 2nd period - Snap shot by Billy Sweezey.
14:56 of 2nd period - Shot Misses the Net.
14:58 of 2nd period - Wrist shot by Connor Dewar.
14:58 of 2nd period - Stopped by Matt Villalta with a rebound.
15:00 of 2nd period - Slapshot by Aliaksei Protas.
15:00 of 2nd period - Shot Misses the Net.
15:15 of 2nd period - Snap shot by Joakim Kemell.
15:15 of 2nd period - Shot Misses the Net.
15:33 of 2nd period - Slapshot by Josh Leivo.
15:33 of 2nd period - Stopped by Kevin Mandolese with a rebound.
15:45 of 2nd period - Wrist shot by Pierrick Dube.
15:45 of 2nd period - Shot Blocked by Ryan O'Rourke.
16:14 of 2nd period - Austin Poganski is hit by Jakub Lauko and loses puck.
17:04 of 2nd period - Austin Poganski is hit by Brett Leason and loses puck.
17:09 of 2nd period - Wrist shot by Mackenzie Entwistle.
17:09 of 2nd period - Shot Misses the Net.
17:11 of 2nd period - Slapshot by Mackenzie Entwistle.
17:11 of 2nd period - Goal by Mackenzie Entwistle - Buffalo Bisons : 2 - Brampton Battalion : 5.
17:12 of 2nd period - Mackenzie Entwistle wins face-off versus Jiri Kulich in neutral zone.
17:33 of 2nd period - Minor Penalty to Tucker Poolman for Unsportsmanlike conduct.
17:34 of 2nd period - Josh Leivo wins face-off versus Logan Hutsko in Buffalo Bisons zone.
19:33 of 2nd period - Penalty to Tucker Poolman is over, Tucker Poolman is back on ice.
19:56 of 2nd period - Snap shot by Sebastian AhoD.
19:56 of 2nd period - Shot Blocked by Paul Cotter.
Goals for this period are 1 for Buffalo Bisons vs 2 for Brampton Battalion.
Shots for this period are 6 for Buffalo Bisons vs 12 for Brampton Battalion.

3rd period


0:01 of 3rd period - Rasmus Asplund wins face-off versus Connor Dewar in neutral zone.
0:51 of 3rd period - Snap shot by Pierrick Dube.
0:51 of 3rd period - Shot Misses the Net.
0:53 of 3rd period - Snap shot by Anthony Angello.
0:53 of 3rd period - Goal by Anthony Angello - Buffalo Bisons : 3 - Brampton Battalion : 5.
0:54 of 3rd period - Paul Cotter wins face-off versus Aliaksei Protas in neutral zone.
0:56 of 3rd period - Off-side.
0:57 of 3rd period - Connor Dewar wins face-off versus Paul Cotter in neutral zone.
1:23 of 3rd period - Brett Leason is hit by Josh Leivo and loses puck.
1:39 of 3rd period - Minor Penalty to Tucker Poolman for Diving.
1:40 of 3rd period - Logan Hutsko wins face-off versus Mark Kastelic in Buffalo Bisons zone.
1:40 of 3rd period - Logan Hutsko is hit by Josh Leivo.
1:52 of 3rd period - Snap shot by Denis Malgin.
1:52 of 3rd period - Shot Blocked by Wyatt Kalynuk.
2:02 of 3rd period - Minor Penalty to Billy Sweezey for Tripping.
2:03 of 3rd period - Mark Kastelic wins face-off versus Jakub Lauko in Buffalo Bisons zone.
2:08 of 3rd period - Slapshot by Denis Malgin.
2:08 of 3rd period - Shot Misses the Net.
2:53 of 3rd period - Slapshot by Philip Broberg.
2:53 of 3rd period - Goal by Philip Broberg - Buffalo Bisons : 3 - Brampton Battalion : 6.
2:54 of 3rd period - Logan Hutsko wins face-off versus Mark Kastelic in neutral zone.
3:31 of 3rd period - Snap shot by Anthony Angello.
3:31 of 3rd period - Stopped by Matt Villalta with a rebound.
3:33 of 3rd period - Slapshot by Tucker Poolman.
3:33 of 3rd period - Deflect By Connor Dewar.
3:33 of 3rd period - Shot Misses the Net.
3:33 of 3rd period - Puck is out of play.
3:34 of 3rd period - Mark Kastelic wins face-off versus Logan Hutsko in Brampton Battalion zone.
3:34 of 3rd period - Mark Kastelic is hit by Logan Hutsko.
3:37 of 3rd period - Icing by Dennis Gilbert.
3:38 of 3rd period - Mark Kastelic wins face-off versus Logan Hutsko in Brampton Battalion zone.
3:46 of 3rd period - Off-side.
3:47 of 3rd period - Mark Kastelic wins face-off versus Brett Leason in neutral zone.
3:56 of 3rd period - Snap shot by Josh Leivo.
3:56 of 3rd period - Deflect By Mark Kastelic.
3:56 of 3rd period - Stopped by Kevin Mandolese with a rebound.
3:58 of 3rd period - Slapshot by Andy Welinski.
3:58 of 3rd period - Stopped by Kevin Mandolese with a rebound.
4:02 of 3rd period - Penalty to Billy Sweezey is over, Billy Sweezey is back on ice.
4:03 of 3rd period - Icing by Wyatt Kalynuk.
4:04 of 3rd period - Paul Cotter wins face-off versus Logan Hutsko in Buffalo Bisons zone.
4:35 of 3rd period - Wrist shot by Jiri Kulich.
4:35 of 3rd period - Stopped by Kevin Mandolese with a rebound.
5:00 of 3rd period - Wrist shot by Chris Terry.
5:00 of 3rd period - Deflect By Austin Poganski.
5:00 of 3rd period - Shot Misses the Net.
5:00 of 3rd period - Puck is out of play.
5:01 of 3rd period - Connor Dewar wins face-off versus Paul Cotter in Buffalo Bisons zone.
5:10 of 3rd period - Dylan McIlrath is hit by Connor Dewar and loses puck.
5:36 of 3rd period - Snap shot by Denis Malgin.
5:36 of 3rd period - Stopped by Kevin Mandolese with a rebound.
5:54 of 3rd period - Wrist shot by Chris Terry.
5:54 of 3rd period - Stopped by Kevin Mandolese with a rebound.
5:56 of 3rd period - Slapshot by Chris Terry.
5:56 of 3rd period - Shot Blocked by Shakir Mukhamadullin.
6:02 of 3rd period - Snap shot by Chris Terry.
6:02 of 3rd period - Shot Misses the Net.
6:04 of 3rd period - Slapshot by Andy Welinski.
6:04 of 3rd period - Deflect By Chris Terry.
6:04 of 3rd period - Shot Misses the Net.
6:04 of 3rd period - Puck is out of play.
6:05 of 3rd period - Connor Dewar wins face-off versus Paul Cotter in Buffalo Bisons zone.
6:14 of 3rd period - Slapshot by Fabian Zetterlund.
6:14 of 3rd period - Goal by Fabian Zetterlund - Buffalo Bisons : 4 - Brampton Battalion : 6.
6:15 of 3rd period - Mackenzie Entwistle wins face-off versus Paul Cotter in neutral zone.
6:17 of 3rd period - Off-side.
6:18 of 3rd period - Gage Quinney wins face-off versus Mackenzie Entwistle in neutral zone.
6:43 of 3rd period - Shakir Mukhamadullin is hit by Philip Broberg.
6:53 of 3rd period - Wrist shot by Fabian Zetterlund.
6:53 of 3rd period - Stopped by Matt Villalta without a rebound.
6:54 of 3rd period - Mackenzie Entwistle wins face-off versus Paul Cotter in Brampton Battalion zone.
6:55 of 3rd period - Snap shot by Brett Leason.
6:55 of 3rd period - Shot Misses the Net.
7:03 of 3rd period - Snap shot by Gage Quinney.
7:03 of 3rd period - Deflect By Paul Cotter.
7:03 of 3rd period - Shot Blocked by Mackenzie Entwistle.
7:03 of 3rd period - Puck is out of play.
7:04 of 3rd period - Rasmus Asplund wins face-off versus Mackenzie Entwistle in Buffalo Bisons zone.
7:11 of 3rd period - Dylan McIlrath is hit by Mackenzie Entwistle and loses puck.
7:21 of 3rd period - Minor Penalty to Declan Carlile for Interference.
7:22 of 3rd period - Logan Hutsko wins face-off versus Mark Kastelic in Buffalo Bisons zone.
7:31 of 3rd period - Off-side.
7:32 of 3rd period - Logan Hutsko wins face-off versus Denis Malgin in neutral zone.
7:34 of 3rd period - Off-side.
7:35 of 3rd period - Mark Kastelic wins face-off versus Logan Hutsko in neutral zone.
7:42 of 3rd period - Snap shot by Josh Leivo.
7:42 of 3rd period - Stopped by Kevin Mandolese with a rebound.
7:44 of 3rd period - Backhand shot by Philip Broberg.
7:44 of 3rd period - Stopped by Kevin Mandolese with a rebound.
7:46 of 3rd period - Slapshot by Philip Broberg.
7:46 of 3rd period - Stopped by Kevin Mandolese with a rebound.
7:48 of 3rd period - Snap shot by Denis Malgin.
7:48 of 3rd period - Stopped by Kevin Mandolese with a rebound.
7:50 of 3rd period - Backhand shot by Philip Broberg.
7:50 of 3rd period - Shot Blocked by Billy Sweezey.
8:21 of 3rd period - Icing by Mark Kastelic.
8:22 of 3rd period - Mark Kastelic wins face-off versus Logan Hutsko in Brampton Battalion zone.
8:37 of 3rd period - Mark Kastelic is hit by Logan Hutsko and loses puck.
9:04 of 3rd period - Snap shot by Mark Kastelic.
9:04 of 3rd period - Goal by Mark Kastelic - Buffalo Bisons : 4 - Brampton Battalion : 7.
9:05 of 3rd period - Paul Cotter wins face-off versus Connor Dewar in neutral zone.
9:13 of 3rd period - Connor Dewar is hit by Ryan O'Rourke.
9:17 of 3rd period - Sebastian AhoD is hit by Gage Quinney and loses puck.
9:30 of 3rd period - Snap shot by Logan Hutsko.
9:30 of 3rd period - Stopped by Matt Villalta with a rebound.
9:42 of 3rd period - Snap shot by Rasmus Asplund.
9:42 of 3rd period - Shot Misses the Net.
9:44 of 3rd period - Wrist shot by Paul Cotter.
9:44 of 3rd period - Stopped by Kevin Mandolese with a rebound.
9:46 of 3rd period - Slapshot by Jack Thompson.
9:46 of 3rd period - Shot Misses the Net.
9:48 of 3rd period - Wrist shot by Gage Quinney.
9:48 of 3rd period - Stopped by Kevin Mandolese with a rebound.
9:50 of 3rd period - Slapshot by Jack Thompson.
9:50 of 3rd period - Stopped by Kevin Mandolese with a rebound.
9:52 of 3rd period - Snap shot by Jack Thompson.
9:52 of 3rd period - Stopped by Kevin Mandolese with a rebound.
9:54 of 3rd period - Slapshot by Ryan O'Rourke.
9:54 of 3rd period - Stopped by Kevin Mandolese without a rebound.
9:55 of 3rd period - Mark Kastelic wins face-off versus Connor Dewar in Buffalo Bisons zone.
9:58 of 3rd period - Wrist shot by Denis Malgin.
9:58 of 3rd period - Stopped by Kevin Mandolese with a rebound.
10:00 of 3rd period - Snap shot by Mark Kastelic.
10:00 of 3rd period - Shot Blocked by Aliaksei Protas.
10:02 of 3rd period - Snap shot by Mark Kastelic.
10:02 of 3rd period - Stopped by Kevin Mandolese without a rebound.
10:03 of 3rd period - Connor Dewar wins face-off versus Denis Malgin in Buffalo Bisons zone.
10:51 of 3rd period - Wrist shot by Mark Kastelic.
10:51 of 3rd period - Shot Blocked by Shakir Mukhamadullin.
10:53 of 3rd period - Snap shot by Mark Kastelic.
10:53 of 3rd period - Deflect By Josh Leivo.
10:53 of 3rd period - Shot Blocked by Shakir Mukhamadullin.
10:53 of 3rd period - Puck is out of play.
10:54 of 3rd period - Paul Cotter wins face-off versus Mackenzie Entwistle in Buffalo Bisons zone.
11:19 of 3rd period - Andy Welinski is hit by Declan Carlile and loses puck.
11:24 of 3rd period - Snap shot by Joakim Kemell.
11:24 of 3rd period - Stopped by Matt Villalta without a rebound.
11:25 of 3rd period - Jiri Kulich wins face-off versus Logan Hutsko in Brampton Battalion zone.
11:25 of 3rd period - Jiri Kulich is hit by Tucker Poolman.
11:41 of 3rd period - Wrist shot by Jiri Kulich.
11:41 of 3rd period - Stopped by Kevin Mandolese with a rebound.
11:50 of 3rd period - Icing by Brett Leason.
11:51 of 3rd period - Paul Cotter wins face-off versus Mackenzie Entwistle in Buffalo Bisons zone.
12:04 of 3rd period - Snap shot by Paul Cotter.
12:04 of 3rd period - Shot Blocked by Tucker Poolman.
12:17 of 3rd period - Sebastian AhoD is hit by Andy Welinski and loses puck.
13:09 of 3rd period - Slapshot by Sebastian AhoD.
13:09 of 3rd period - Shot Blocked by Dennis Gilbert.
13:46 of 3rd period - Connor Dewar is hit by Dylan McIlrath and loses puck.
13:55 of 3rd period - Dylan McIlrath is hit by Wyatt Kalynuk.
14:11 of 3rd period - Snap shot by Logan Hutsko.
14:11 of 3rd period - Stopped by Matt Villalta with a rebound.
15:30 of 3rd period - Rasmus Asplund is hit by Fabian Zetterlund and loses puck.
15:47 of 3rd period - Backhand shot by Samuel Fagemo.
15:47 of 3rd period - Shot Misses the Net.
15:49 of 3rd period - Snap shot by Anthony Angello.
15:49 of 3rd period - Shot Blocked by Jack Thompson.
15:51 of 3rd period - Slapshot by Anthony Angello.
15:51 of 3rd period - Stopped by Matt Villalta with a rebound.
16:01 of 3rd period - Slapshot by Mackenzie Entwistle.
16:01 of 3rd period - Shot Blocked by Jiri Kulich.
16:11 of 3rd period - Ryan O'Rourke is hit by Jakub Lauko and loses puck.
16:30 of 3rd period - Slapshot by Logan Hutsko.
16:30 of 3rd period - Shot Misses the Net.
16:50 of 3rd period - Snap shot by Gage Quinney.
16:50 of 3rd period - Stopped by Kevin Mandolese with a rebound.
17:28 of 3rd period - Slapshot by Brett Leason.
17:28 of 3rd period - Shot Misses the Net.
17:48 of 3rd period - Snap shot by Logan Hutsko.
17:48 of 3rd period - Deflect By Joakim Kemell.
17:48 of 3rd period - Shot Misses the Net.
17:48 of 3rd period - Puck is out of play.
17:49 of 3rd period - Cooper Marody wins face-off versus Logan Hutsko in Brampton Battalion zone.
17:49 of 3rd period - Cooper Marody is hit by Bobby McMann.
17:55 of 3rd period - Declan Carlile is hit by Austin Poganski and loses puck.
18:03 of 3rd period - Slapshot by Declan Carlile.
18:03 of 3rd period - Stopped by Matt Villalta with a rebound.
18:05 of 3rd period - Slapshot by Wyatt Kalynuk.
18:05 of 3rd period - Stopped by Matt Villalta without a rebound.
18:06 of 3rd period - Mark Kastelic wins face-off versus Connor Dewar in Brampton Battalion zone.
19:26 of 3rd period - Snap shot by Logan Hutsko.
19:26 of 3rd period - Goal by Logan Hutsko - Buffalo Bisons : 5 - Brampton Battalion : 7.
19:27 of 3rd period - Jiri Kulich wins face-off versus Bobby McMann in neutral zone.
Goals for this period are 3 for Buffalo Bisons vs 2 for Brampton Battalion.
Shots for this period are 11 for Buffalo Bisons vs 20 for Brampton Battalion.




Output by the SimonT Hockey Simulator (STHS) for Eric Tremblay - Original Page W3C HTML5 Valid
Hockey Simulator - Hockey Simulation - Hockey Manager